Map: Catalyst LE

Players

Stropheum - Winner!

  • Race: Zerg Zerg
  • League: Diamond
  • Spawn Location: 11:00

JamMasterJay

  • Race: Zerg Zerg
  • League: Master
  • Spawn Location: 5:00

VOD

Have the link to the VOD?

Description

Time

  • Played on: April 24, 2018, 10:37 p.m.
  • Length: 11:17
Show
View Real Time Build Order
Export as new Build Order

Stropheum Zerg - Winner!

Build Orders: Hatch First 

Get SALT Encoding   

  12  0:01  Drone  
  13  0:13  Overlord  
  13  0:18  Drone  
  14  0:32  Drone x2  
  16  0:35  Drone  
  17  0:54  Hatchery  
  16  0:57  Drone  
  16  1:01  Drone  
  18  1:11  Extractor  
  18  1:16  Spawning Pool  
  16  1:20  Drone  
  16  1:24  Drone  
  18  1:29  Drone  
  19  1:40  Overlord  
  19  2:06  Queen x2  
  19  2:07  Zergling x6  
  26  2:13  Drone  
  27  2:15  Metabolic Boost  
  27  2:18  Drone  
  28  2:23  Drone  
  28  2:27  Drone  
  30  2:34  Drone  
  31  2:38  Baneling Nest, Drone  
  31  2:57  Hatchery  
  30  3:04  Queen  
  32  3:17  Overlord  
  32  3:18  Drone x3  
  33  3:35  Overlord x2  
  33  3:36  Zergling x2  
  33  3:37  Zergling x4  
  33  3:39  Zergling x2  
  37  3:48  Zergling x2  
  37  3:49  Zergling x6  
  39  3:56  Queen  
  39  3:59  Baneling x3  
  41  4:05  Overlord  
  41  4:09  Baneling  
  41  4:10  Baneling x2  
  41  4:26  Drone  
  41  4:27  Drone x8  
  50  4:44  Overlord  
  50  4:50  Zergling x18  
  49  5:02  Baneling x2  
  49  5:05  Drone x4  
  49  5:06  Drone x3  
  55  5:21  Baneling  
  55  5:22  Baneling x3  
  55  5:29  Extractor  
  55  5:30  Extractor  
  55  5:33  Zergling x16  
  61  5:39  Overlord x2  
  61  5:40  Queen  
  63  5:52  Roach Warren  
  63  5:54  Overlord x2  
  60  6:28  Overlord x2  
  60  6:29  Overlord  
  60  6:33  Roach x2  
  60  6:34  Roach x10  
  82  6:57  Hatchery  
  82  6:58  Zergling x4, Roach x2  
  82  6:59  Roach  
  79  7:03  Baneling x6  
  80  7:15  Drone x2  
  80  7:16  Drone x4  
  80  7:19  Extractor  
  84  7:31  Lair  
  84  7:43  Drone x2  
  84  7:44  Drone x2  
  88  7:51  Hatchery  
  83  8:07  Drone x5  
  83  8:08  Drone x2  
  90  8:28  Spire  
  90  8:31  Overseer  
  89  8:42  Zergling x24  
  89  8:46  Glial Reconstitution  
  101  8:53  Extractor  
  101  8:54  Extractor  
  97  9:22  Overlord x4  
  81  9:30  Baneling  
  81  9:31  Baneling  
  79  9:33  Roach x2  
  79  9:34  Roach x14  
  103  9:48  Mutalisk x6  
  103  9:50  Overseer  
  92  10:01  Mutalisk x3  
  98  10:08  Mutalisk x2  
  102  10:18  Drone x5  
  102  10:19  Drone  
  108  10:25  Pneumatized Carapace  
  108  10:27  Infestation Pit  
  107  10:37  Mutalisk  
  107  10:39  Zergling x2  
  107  10:40  Zergling x10  
  115  10:46  Roach  
  115  10:47  Roach x2  
  121  10:56  Zergling x8  
  123  11:04  Drone x5  
Show
View Real Time Build Order
Export as new Build Order

JamMasterJay Zerg 

Build Orders: Hatch First 

Get SALT Encoding   

  12  0:01  Drone  
  13  0:09  Drone  
  14  0:17  Overlord  
  15  0:35  Drone x2  
  15  0:36  Drone  
  17  0:55  Hatchery  
  16  0:59  Drone  
  16  1:01  Extractor  
  16  1:12  Spawning Pool  
  16  1:15  Drone  
  16  1:19  Drone  
  16  1:23  Drone  
  18  1:33  Drone  
  19  1:41  Overlord  
  19  2:00  Queen  
  19  2:01  Metabolic Boost  
  21  2:02  Zergling x2  
  21  2:06  Drone  
  23  2:08  Drone  
  23  2:14  Queen  
  26  2:18  Drone  
  27  2:29  Baneling Nest, Drone  
  27  2:35  Zergling x2  
  28  2:42  Zergling x2  
  28  2:43  Zergling x2  
  31  2:44  Zergling x2  
  31  2:53  Queen  
  33  3:12  Drone x3  
  36  3:13  Overlord  
  36  3:17  Overlord  
  35  3:26  Roach Warren  
  34  3:33  Drone x3  
  37  3:41  Drone x5  
  42  4:12  Zergling x6  
  42  4:13  Zergling x6  
  42  4:15  Hatchery  
  46  4:27  Roach x2, Overlord  
  50  4:33  Baneling x3  
  42  5:05  Roach x7  
  56  5:07  Drone  
  56  5:08  Extractor, Drone x2  
  56  5:11  Extractor  
  56  5:12  Hatchery  
  56  5:15  Extractor  
  52  5:27  Roach x2  
  48  5:29  Zergling x2  
  48  5:30  Zergling x4  
  48  5:35  Drone x3  
  54  5:39  Roach  
  54  5:41  Roach  
  58  5:45  Queen  
  58  5:46  Overlord  
  60  5:58  Baneling  
  49  6:14  Zergling x12  
  49  6:15  Zergling x2  
  55  6:22  Spine Crawler  
  55  6:23  Spine Crawler  
  53  6:27  Drone  
  53  6:45  Drone x4  
  57  6:52  Baneling  
  57  6:53  Baneling x2  
  57  7:02  Drone x3  
  60  7:11  Drone x2  
  60  7:14  Drone  
  60  7:15  Drone  
  64  7:30  Drone x2  
  64  7:34  Overlord x2  
  66  7:44  Baneling x3  
  65  8:07  Drone x3  
  65  8:08  Overlord x2  
  67  8:24  Lair  
  67  8:35  Drone x4  
  67  8:37  Hatchery  
  67  8:38  Spine Crawler  
  67  8:40  Spine Crawler  
  68  8:42  Drone x2  
  68  8:43  Drone  
  68  9:36  Roach  
  68  9:37  Roach x10  
  87  9:56  Roach  
  88  10:01  Drone  
  87  10:11  Drone x3  
  87  10:13  Drone x4  
  94  10:20  Zergling x6  
  97  10:25  Spore Crawler  
  97  10:27  Spore Crawler  
  95  10:29  Overlord  
  95  10:30  Overlord  
  95  10:33  Hydralisk Den  
  94  10:38  Spore Crawler  
  93  10:48  Drone x3  
Tags
 
Add a new tag
Caveats
  • Supply blocks, unpowered buildings, or Contaminate may cause inaccurate times.
  • Supply counts are checked every 10 seconds.